 Dungeon Crawl Stone Soup version 0.29.1-1-gd02db6906a (webtiles) character file.

Game seed: 7103342994545021523

1963 Godmorgon the Zephyrmancer (level 9, -11/45 HPs)
             Began as a Tengu Air Elementalist on Oct 15, 2022.
             Shot with an arrow by a centaur (12 damage)
             ... on level 6 of the Dungeon on Oct 16, 2022.
             The game lasted 00:28:10 (7533 turns).

Godmorgon the Zephyrmancer (Tengu Air Elementalist) Turns: 7533, Time: 00:28:11

Health: -11/45     AC:  3    Str: 10    XL:     9   Next: 19%
Magic:  17/27      EV: 14    Int: 19    God:
Gold:   344        SH:  0    Dex: 14    Spells: 12/19 levels left

rFire   . . .      SeeInvis .   a - +2 quarterstaff (speed)
rCold   . . .      Faith    .   (shield currently unavailable)
rNeg    . . .      Spirit   .   l - +0 robe
rPois   .          Reflect  .   (helmet restricted)
rElec   .          Harm     .   p - +0 cloak
rCorr   .          Rampage  .   (no gloves)
Will    .....                   (boots unavailable)
Stlth   ++........              (no amulet)
HPRegen 0.15/turn               k - ring of magical power
MPRegen 0.20/turn               (no ring)

@: flying quickly and evasively, quick
A: beak, talons 3, nimble flight
a: no special abilities


You were on level 6 of the Dungeon.
You visited 1 branch of the dungeon, and saw 6 of its levels.
You also visited: Sewer.

You collected 344 gold pieces.

Inventory:

Hand Weapons
 a - a +2 quarterstaff of speed (weapon)
Missiles
 j - 16 poisoned darts (quivered)
Armour
 l - a +0 robe (worn)
 p - a +0 cloak (worn)
Jewellery
 k - a ring of magical power (left hand)
 q - a ring of ice
 t - an amulet of faith
 w - an amulet of guardian spirit
Wands
 e - a wand of paralysis (12)
Scrolls
 d - 3 scrolls of amnesia
 h - a scroll of enchant weapon
 n - a scroll of fear {unknown}
 r - 3 scrolls of blinking
 u - 4 scrolls of teleportation
 v - a scroll of magic mapping {unknown}
 x - a scroll of fog {unknown}
 y - a scroll of torment {unknown}
Potions
 b - a potion of magic
 c - a potion of ambrosia {unknown}
 f - 3 potions of curing
 i - 2 potions of haste
 m - 2 potions of heal wounds {unknown}
 o - a potion of brilliance {unknown}
 s - a potion of lignification {unknown}
 z - a potion of attraction {unknown}
 A - a potion of mutation {unknown}


   Skills:
 - Level 2.1 Dodging
 - Level 2.0 Stealth
 + Level 5.6 Spellcasting
 + Level 7.7 Conjurations
 * Level 11.5 Air Magic


You had 12 spell levels left.
You knew the following spells:

 Your Spells              Type           Power      Damage    Failure   Level
a - Airstrike             Air            24%        2d(4-20)  1%          4
d - Static Discharge      Conj/Air       41%        3-9/arc   1%          2
s - Shock                 Conj/Air       100%       1d9       1%          1

Your spell library contained the following spells:

 Spells                   Type           Power      Damage    Failure   Level
 Swiftness                Air            49%        N/A       1%          3
 Blink                    Tloc           10%        N/A       19%         2
 Ensorcelled Hibernation  Hex/Ice        10%        N/A       19%         2
 Passwall                 Tmut/Erth      4%         N/A       19%         2
 Sticky Flame             Conj/Fire      20%        2d4       24%         4
 Lesser Beckoning         Tloc           5%         N/A       34%         3
 Summon Guardian Golem    Hex/Summ       5%         N/A       34%         3
 Animate Armour           Summ/Erth      10%        N/A       75%         4
 Dispel Undead            Necr           5%         3d7       75%         4
 Summon Ice Beast         Ice/Summ       5%         N/A       75%         4
 Blade Hands              Tmut           2%         N/A       97%         5
 Manifold Assault         Tloc           5%         N/A       97%         5
 Summon Mana Viper        Hex/Summ       5%         N/A       97%         5
 Iron Shot                Conj/Erth      10%        9d3       98%         6
 Orb of Destruction       Conj           17%        9d7       99%         7
 Monstrous Menagerie      Summ           2%         N/A       100%        7
 Spellforged Servitor     Conj/Summ      10%        N/A       100%        7


Dungeon Overview and Level Annotations

Branches:
Dungeon (6/15)              Sewer (visited)
 Temple: D:4-7

Altars:
Cheibriados

Shops:
D:6 *


Innate Abilities, Weirdness & Mutations

You have a beak for a mouth.
You have claws for feet.
Your magical nature lets you fly swiftly and evasively.


Message History

You kill the orc!
The zap hits the centaur.
The centaur is moderately wounded.
The centaur wields a +0 shortbow.
The centaur shoots an arrow.
The arrow hits you!
Casting: Shock (safe; 1% risk of failure)
Confirm with . or Enter, or press ? or * to list all spells.
Aiming: Shock (safe; 1% risk of failure)
Press: ? - help, Shift-Dir - straight line, f/p - centaur
Aim: a centaur, wielding a +0 shortbow (moderately wounded, 84% to hit)
The zap hits the hound!
The hound is heavily wounded.
The zap hits the centaur!
The centaur is heavily wounded.
The centaur shoots an arrow.
The arrow hits you!
* * * LOW HITPOINT WARNING * * *
The hound barely misses you.
The centaur shoots an arrow.
The arrow closely misses you.
Casting: Shock (safe; 1% risk of failure)
Confirm with . or Enter, or press ? or * to list all spells.
The hound is struck by an arc of lightning.
The hound is almost dead.
You are struck by an arc of lightning.
* * * LOW HITPOINT WARNING * * *
The lightning grounds out.
The hound bites you.
* * * LOW HITPOINT WARNING * * *
The centaur shoots an arrow.
The arrow barely misses you. The hound barely misses you.
You feel better.
The centaur shoots an arrow.
The arrow hits you.
* * * LOW HITPOINT WARNING * * *
The hound barely misses you.
The centaur shoots an arrow.
The arrow hits you!
* * * LOW HITPOINT WARNING * * *
Casting: Static Discharge (safe; 1% risk of failure)
Confirm with . or Enter, or press ? or * to list all spells.
The hound is struck by an arc of lightning.
You kill the hound!
You are struck by an arc of lightning.
* * * LOW HITPOINT WARNING * * *
The centaur shoots an arrow.
The arrow hits you!
You die... #........ #.......## #.. ....... #........# ##. ....) #........####. #.F# #...#.#...##.. .Y #.o### #.#...#..)... .. #.oo.## #...∩....##..
YYY

#.##Yc##
#.#...#..##..
.o.## #..##).##
#..#.#..###..
..... ##..##@.#
#.......# ##.
....o##
##Y###.####..#####
## ...?..## #.#
...#..## # #Y.#
#.# ##.#.## ##.#
#.# #...#######
#.## #.#
#.........#
#..#####o#
#.##......#
##....##.# ##..
##.†...# #....##.#
...# #.....#####


You could see a yak, a bullfrog, a centaur and 3 orcs.

Vanquished Creatures
  2 yaks (D:5)
  A steam dragon (D:6)
  An orc warrior (D:6)
  A black bear (D:5)
  2 ogres
  3 bullfrogs
  4 scorpions
  A howler monkey (D:6)
  4 hounds
  A gnoll bouda (D:4)
  A jelly (D:6)
  2 orc priests
  Crazy Yiuf (D:2)
  6 iguanas
  Ijyb (D:3)
  Natasha (thrice) (D:2)
  3 gnolls (D:4)
  7 adders
  A white imp (D:4)
  3 worms
  10 orcs
  22 endoplasms
  12 giant cockroaches
  3 goblins
  6 hobgoblins
  4 jackals (D:3)
  12 quokkas
  13 ball pythons
  6 bats
  14 frilled lizards
  7 kobolds
  9 rats
166 creatures vanquished.

Notes
Turn   | Place    | Note
-------+----------+-------------------------------------------
     0 | D:1      | Godmorgon the Tengu Air Elementalist began the quest for
                  | the Orb.
     0 | D:1      | Reached XP level 1. HP: 10/10 MP: 4/4
   200 | D:1      | Reached XP level 2. HP: 4/15 MP: 6/6
   203 | D:1      | Learned a level 2 spell: Static Discharge
   926 | D:1      | Noticed an eye of devastation
   928 | D:1      | Found a faded altar of an unknown god.
   929 | D:1      | Noticed a floating eye
   929 | D:1      | Noticed an eye of devastation
   929 | D:1      | Noticed an eye of devastation
  1509 | D:2      | Reached XP level 3. HP: 19/19 MP: 7/7
  1653 | D:2      | Reached skill level 5 in Air Magic
  1779 | D:2      | Noticed Natasha
  1783 | D:2      | Killed Natasha
  1784 | D:2      | Reached XP level 4. HP: 24/24 MP: 8/8
  1959 | D:2      | Found a runed translucent door.
  1960 | D:2      | Noticed Crazy Yiuf
  2354 | D:2      | Noticed Natasha
  2358 | D:2      | Killed Natasha
  2616 | D:2      | Noticed Natasha
  2623 | D:2      | Killed Natasha
  2624 | D:2      | Gained mutation: Your magical nature lets you fly swiftly
                  | and evasively. [Tengu growth]
  2624 | D:2      | Reached XP level 5. HP: 27/28 MP: 10/10
  2839 | D:2      | Killed Crazy Yiuf
  2840 | D:2      | Reached skill level 6 in Air Magic
  3003 | D:3      | Noticed Ijyb
  3370 | D:3      | Paralysed by Ijyb for 3 turns
  3376 | D:3      | Killed Ijyb
  3556 | D:3      | Identified the +1 ring mail of the Kangaroo {Harm *Slow
                  | Stlth+}
  3816 | D:4      | Reached XP level 6. HP: 30/32 MP: 11/11
  3978 | D:4      | Found a snail-covered altar of Cheibriados.
  4027 | D:4      | Reached skill level 7 in Air Magic
  4564 | D:4      | Reached XP level 7. HP: 34/36 MP: 13/13
  4565 | D:4      | Reached skill level 8 in Air Magic
  4568 | D:4      | Reached skill level 5 in Conjurations
  5135 | D:5      | Entered Level 5 of the Dungeon
  5172 | D:5      | Noticed a yak
  5173 | D:5      | Noticed a yak
  5178 | D:5      | Noticed a yak
  5179 | D:5      | Noticed a yak
  5199 | D:5      | Noticed a yak
  5201 | D:5      | Killed a yak
  5509 | D:5      | Reached skill level 9 in Air Magic
  5520 | D:5      | Learned a level 4 spell: Airstrike
  5534 | D:5      | Reached XP level 8. HP: 27/41 MP: 12/15
  5705 | D:5      | Found a glowing drain.
  5710 | Sewer    | Entered a sewer
  6427 | D:5      | Reached skill level 10 in Air Magic
  6490 | D:5      | Reached skill level 5 in Spellcasting
  6838 | D:5      | Killed a yak
  7184 | D:6      | Found Noemidiuw's Overcharged Wands.
  7195 | D:6      | Reached skill level 11 in Air Magic
  7195 | D:6      | Reached XP level 9. HP: 45/45 MP: 18/18
  7531 | D:6      | HP: 2/45 [hound (5)]
  7533 | D:6      | Shot with an arrow by a centaur

Illustrated notes

Levels and vault maps discovered:
D:1:      minmay_arrival_three_doors, layout_loops_ring,
          hellmonk_ecumenical_altar_watching_god
D:2:      layout_loops_ring, uniq_crazy_yiuf_cottage, uniq_natasha
D:3:      layout_rooms, uniq_ijyb
D:4:      layout_loops_corners, mainiacjoe_overflow_alcove_4, minmay_checkerbox
D:5:      layout_loops_ring, portal_sewer_entry_e,
          chequers_serial_rivers_small_3, grunt_ministairs_11,
          kennysheep_cross_room, minivault_1, nrook_campfire
D:6:      layout_rooms, nicolae_shop_overcharged_wands

Skill      XL: |  1  2  3  4  5  6  7  8 |
---------------+-------------------------+-----
Conjurations   | 2 3 4 5 7 |  7.7
Air Magic      | 5 6 7 9 11 | 11.5
Spellcasting   | 3 4 5 |  5.6
Dodging        | |  2.1
Stealth        | |  2.0

Action                   |  1- 3 |  4- 6 |  7- 9 || total
-------------------------+-------+-------+-------++-------
Melee: Club              |    12 |       |       ||    12
       Peck              |     2 |       |       ||     2
       Kick              |     1 |     2 |     1 ||     4
       Whip              |       |     6 |       ||     6
       Quarterstaff      |       |     1 |     4 ||     5
Throw: Dart              |       |       |     1 ||     1
 Cast: Shock             |    38 |    88 |   134 ||   260
       Static Discharge  |    12 |    20 |    28 ||    60
       Airstrike         |       |       |    11 ||    11
  Use: Scroll            |       |       |     5 ||     5
       Potion            |       |       |     1 ||     1
 Stab: Sleeping          |     1 |       |       ||     1
Armor: Robe              |     7 |     3 |     5 ||    15
Dodge: Dodged            |    15 |    15 |    45 ||    75
